AoeStats
← TobsusMaximus

MegaRandom

510393045Analyzed
3v3 RM · 1d ago on Sep 30, 2026· 41m 7s· 6 players
Game mode
Random Map
Map size
Normal (6 player)
Population
200
Speed
Normal
Resources
Standard
Victory
Conquest
Starting age
Dark Age
Ending age
Imperial Age
RankedLock teamsTeams togetherTeam positionsShared explorationLock speedFull tech treeHidden civsTurbo modeCheats
Victory
Defeat
🇩🇪 Byzantines · Germany
1072
+15
🇪🇸 Huns · Spain
1048
+16
🇺🇸 Spanish · United States
1032
+17
🇫🇷 Italians · France
1205
-22
🇫🇷 Franks · France
1071
-17
🇫🇷 Magyars · France
883
-9
TobsusMaximus
11:26 Loom
16:08 Feudal Age
19:57 Castle Age
18:24 Double-Bit Axe
18:22 Horse Collar
20:46 Forging
20:53 Bow Saw
26:04 Scale Barding Armor
32:08 Wheelbarrow
37:19 Imperial Age
35:05 Elite Skirmisher
36:00 Pikeman
37:50 Murder Holes
37:23 Halberdier
37:29 Light Cavalry
38:10 Husbandry
38:43 Fletching
38:56 Scale Mail Armor
40:39 Squires
JacobitoHigh
14:05 Feudal Age
16:53 Town Watch
21:29 Castle Age
23:09 Loom
27:59 Horse Collar
29:00 Double-Bit Axe
32:09 Bow Saw
32:19 Light Cavalry
34:39 Forging
39:09 Iron Casting
39:11 Pikeman
40:16 Scale Mail Armor
41:06 Bloodlines
shabolobodingdong
16:50 Feudal Age
18:16 Loom
22:57 Castle Age
22:22 Bloodlines
23:07 Stone Mining
23:10 Double-Bit Axe
23:09 Horse Collar
26:39 Husbandry
T'choupi.exe
5:19 Loom
15:01 Feudal Age
15:31 Double-Bit Axe
15:34 Horse Collar
20:59 Fletching
23:32 Padded Archer Armor
27:05 Castle Age
28:05 Crossbowman
31:01 Wheelbarrow
39:18 Hand Cart
39:37 Heavy Plow
40:02 Scale Barding Armor
40:08 Forging
41:34 Chain Barding Armor
41:29 Husbandry
DocK
16:13 Feudal Age
16:08 Loom
16:53 Double-Bit Axe
16:50 Horse Collar
19:50 Wheelbarrow
25:49 Castle Age
27:25 Scale Barding Armor
38:13 Loom
DimDoom
19:15 Feudal Age
19:48 Double-Bit Axe
24:03 Castle Age
25:43 Forging
26:41 Gold Mining
26:43 Stone Mining
30:30 Wheelbarrow
30:36 Wheelbarrow
30:48 Husbandry
31:10 Loom
31:14 Loom
31:45 Gold Mining
33:52 Hand Cart
Connection lost

Rejoining the realm…

Still unreachable

The connection could not be restored.

Session expired

The server has moved on; the page needs a fresh start.